[Event "Early-Titled-Tuesday-Blitz-October-10-2023"]
[Site "Chess.com"]
[Date "2023.10.10"]
[Round "7"]
[White "PeshkaCh"]
[Black "elprimo2012mortis"]
[Result "0-1"]
[WhiteElo "2805"]
[BlackElo "2670"]
[TimeControl "180+1"]
[EndTime "9:15:28 PDT"]
[Termination "elprimo2012mortis won by checkmate"]

1. Nf3 d5 2. d4 Nf6 3. c4 e6 4. Nc3 dxc4 5. e4 b5 6. e5 Nd5 7. Nxb5 Nb6 8. Bg5 Bb4+ 9. Nc3 Bxc3+ 10. bxc3 Qd7 11. Nd2 Bb7 12. Nxc4 Nxc4 13. Bxc4 Qc6 14. Qb3 Qxg2 15. Rf1 O-O 16. Be3 Nd7 17. O-O-O Rab8 18. Rg1 Qf3 19. Rg3 Qh5 20. Rdg1 Be4 21. Rxg7+ Kh8 22. Qa3 Rb1+ 23. Kd2 Rfb8 24. Bb3 Nb6 25. Rxb1 Bxb1 26.
Rg5 Qf3 27. Rg3 Qf5 28. Bh6 Qxf2+ 29. Kc1 Qe1+ 30. Kb2 Nc4+ 31. Ka1 Nxa3 32. Bg7+ Kg8 33. Bf6+ Bg6+ 34. Kb2 Nc4# 0-1

[Event "Early-Titled-Tuesday-Blitz-October-10-2023"]
[Site "Chess.com"]
[Date "2023.10.10"]
[Round "7"]
[White "ViktoriyaTarasova"]
[Black "Mr_Lion22"]
[Result "1-0"]
[WhiteElo "2389"]
[BlackElo "2506"]
[TimeControl "180+1"]
[EndTime "9:15:30 PDT"]
[Termination "ViktoriyaTarasova won on time"]

1. d4 d5 2. c4 e6 3. Nc3 c6 4.
Nf3 dxc4 5. a4 Bb4 6. e3 b5 7. Bd2 a5 8. axb5 Bxc3 9. Bxc3 cxb5 10. b3 Bb7 11. bxc4 b4 12. Bb2 Nf6 13. Bd3 O-O 14. O-O Nbd7 15. Nd2 Qc7 16. Bc2 Rfd8 17. f3 e5 18. Qe2 exd4 19. exd4 Nb6 20. d5 Nbxd5 21.
Ne4 Nxe4 22. Qxe4 Nf6 23. Qf5 Qb6+ 24. c5 Qe6 25. Qg5 Rd5 26. Qg3 Rxc5 27. Rae1 Qc6 28. Be4 Qb6 29. Bd4 Bxe4 30. fxe4 Rd8 31. Rxf6 Qb5 32. Rd6 1-0

[Event "Early-Titled-Tuesday-Blitz-October-10-2023"]
[Site "Chess.com"]
[Date "2023.10.10"]
[Round "7"]
[White "Flaccidmoves"]
[Black "viktorgen2021"]
[Result "0-1"]
[WhiteElo "2425"]
[BlackElo "2381"]
[TimeControl "180+1"]
[EndTime "9:15:30 PDT"]
[Termination "viktorgen2021 won on time"]

1. e4 g6 2. d4 Bg7 3. f4 d6 4. Nf3 Nf6 5. e5 Nd5 6. Nc3 Nxc3 7.
bxc3 O-O 8. Bd3 c5 9. O-O dxe5 10. dxe5 Nc6 11. Be3 Qa5 12. Qe1 Bg4 13. Ng5 h6 14. Ne4 b6 15. h3 Bf5 16. g4 Be6 17. f5 Bd5 18. f6 Bh8 19. Bxh6 Rfe8 20. Qh4 Nxe5 21.
fxe7 Bxe4 22. Bxe4 Qxc3 23. Bxa8 Rxa8 24. Rae1 Re8 25.
Qf2 Qc4 26. Bf4 Nc6 27. Bd6 Bd4 28. Re3 Nxe7 29. Rfe1 Kh7 30. Kh2 Nd5 31. Qxf7+ Kh6 32. Bf8+ Rxf8 33. Qxf8+ Bg7 34. Re5 Bxf8 35. g5+ Kg7 0-1

[Event "Early-Titled-Tuesday-Blitz-October-10-2023"]
[Site "Chess.com"]
[Date "2023.10.10"]
[Round "7"]
[White "McCarthyStone"]
[Black "AlexPapasimakopoulos"]
[Result "0-1"]
[WhiteElo "2423"]
[BlackElo "2710"]
[TimeControl "180+1"]
[EndTime "9:15:31 PDT"]
[Termination "AlexPapasimakopoulos won on time"]

1. b3 d5 2. Bb2 Bg4 3. g3 e6 4.
Bg2 Nf6 5. Nf3 Be7 6. O-O O-O 7. Ne5 Bh5 8. f4 Nbd7 9. Nxd7 Nxd7 10. Re1 Bf6 11.
Qc1 a5 12. a4 Re8 13. d3 c6 14. e4 dxe4 15. dxe4 Bxb2 16. Qxb2 Qb6+ 17. Kf1 Nf6 18. h3 Rad8 19. Qc3 e5 20. f5 Rd4 21. Nd2 Red8 22. Nc4 Qc5 23. Qxa5 b5 24. axb5 cxb5 25. Qb6 Qb4 26. Nxe5 Qc3 27. g4 Bxg4 28. hxg4 Qg3 29. Qc7 R4d7 30. Nxd7 Qxc7 31. Nxf6+ gxf6 32. Rad1 Rxd1 33. Rxd1 Qxc2 34. Rd8+ Kg7 35. e5 fxe5 36. Rd5 Qxb3 37. Rxe5 Qb1+ 38. Re1 Qd3+ 39. Kf2 b4 40. Re3 Qd4 41. Be4 b3 42. Kf3 b2 0-1

[Event "Early-Titled-Tuesday-Blitz-October-10-2023"]
[Site "Chess.com"]
[Date "2023.10.10"]
[Round "7"]
[White "RCone"]
[Black "Zurability"]
[Result "0-1"]
[WhiteElo "2483"]
[BlackElo "2715"]
[TimeControl "180+1"]
[EndTime "9:15:31 PDT"]
[Termination "Zurability won on time"]

1. e4 c5 2. Nc3 Nc6 3. Bb5 Nd4 4. Nf3 Nxb5 5. Nxb5 d6 6. O-O Nf6 7. Nc3 g6 8. e5 dxe5 9. Nxe5 Bg7 10. Re1 O-O 11.
d3 Nd5 12. Bd2 Be6 13. Qf3 Nb4 14. Rac1 Qb6 15. a3 Na6 16. b3 Rad8 17. Na4 Qc7 18. Bf4 Qc8 19. h3 Bd5 20. Qg3 f6 21. Ng4 e5 22.
Bh6 Be6 23. Bxg7 Kxg7 24. Qh4 h5 25. Nh2 Rd4 26. Qg3 b5 27. Nc3 b4 28. axb4 cxb4 29. Ne4 Nc5 30. Nd2 h4 31. Qe3 Bd5 32. Ra1 Rf7 33.
Nhf3 Rf4 34. Ne4 Bxe4 35. dxe4 Rxe4 36. Qd2 Rf4 37. Re3 Ne4 38. Qe1 Nc3 39. Ra5 Qc7 0-1

[Event "Early-Titled-Tuesday-Blitz-October-10-2023"]
[Site "Chess.com"]
[Date "2023.10.10"]
[Round "7"]
[White "SAInt_666"]
[Black "Grischuk"]
[Result "1-0"]
[WhiteElo "2687"]
[BlackElo "2976"]
[TimeControl "180+1"]
[EndTime "9:15:33 PDT"]
[Termination "SAInt_666 won on time"]

1. e4 c5 2. Nf3 d6 3. Bb5+ Nd7 4. O-O a6 5. Bxd7+ Bxd7 6. c3 Nf6 7. Re1 Bc6 8. d4 Bxe4 9. Bg5 Bd5 10. c4 Bxc4 11.
Nc3 Rc8 12. Bxf6 gxf6 13. Qa4+ Bb5 14. Nxb5 axb5 15. Qxb5+ Qd7 16. Qe2 cxd4 17. Nxd4 e6 18. Rac1 Rxc1 19. Rxc1 Be7 20. Qg4 Kf8 21. Qh3 h5 22. b3 f5 23. a4 h4 24. Nb5 Bd8 25. Rc4 d5 26. Qc3 Rg8 27. Rc8 f4 28. h3 d4 29. Qc5+ Kg7 30. Nd6 Bf6 31. Rxg8+ Kxg8 32. Ne4 Kg7 33. Qh5 d3 34. Qg4+ 1-0

[Event "Early-Titled-Tuesday-Blitz-October-10-2023"]
[Site "Chess.com"]
[Date "2023.10.10"]
[Round "7"]
[White "Rodalquilar"]
[Black "adotand"]
[Result "0-1"]
[WhiteElo "2761"]
[BlackElo "2878"]
[TimeControl "180+1"]
[EndTime "9:15:35 PDT"]
[Termination "adotand won on time"]

1. d4 Nf6 2. Nf3 g6 3. Bf4 Bg7 4. e3 O-O 5. Be2 c5 6. c3 d6 7. O-O Qb6 8. Nbd2 Be6 9. e4 Na6 10. d5 Bg4 11. Nc4 Qd8 12. Qc2 Nd7 13. h3 Bxf3 14.
Bxf3 b5 15. Ne3 Nc7 16. a4 a6 17. Be2 c4 18. Ng4 Nc5 19. axb5 axb5 20. Be3 Nb3 21. Rxa8 Qxa8 22. Nh6+ Kh8 23. Bg5 Nc5 24. Bxe7 Bxh6 25. Bxd6 N7a6 26. Bxf8 Bxf8 27. Qd2 Kg8 28. Qe3 Nc7 29. Rd1 Qe8 30. e5 Nd7 31. f4 Bc5 32.
Rd4 Nxd5 33. Qe4 N7b6 34. Kh2 Bxd4 35. Qxd4 Qe6 36. Bg4 f5 37. Bf3 Kg7 38. g3 b4 39.
Qxd5 Nxd5 0-1

[Event "Early-Titled-Tuesday-Blitz-October-10-2023"]
[Site "Chess.com"]
[Date "2023.10.10"]
[Round "7"]
[White "krzyzan94"]
[Black "Lion-Al-Messi"]
[Result "1-0"]
[WhiteElo "2781"]
[BlackElo "2620"]
[TimeControl "180+1"]
[EndTime "9:15:36 PDT"]
[Termination "krzyzan94 won by checkmate"]

1. e4 c5 2. Nf3 e6 3. d4 cxd4 4.
Nxd4 a6 5. Bd3 Ne7 6. O-O Nbc6 7. Nb3 g6 8. c4 Bg7 9. Nc3 O-O 10. Be2 b6 11. Be3 Bb7 12. Qd2 Qc7 13. Rfd1 Rad8 14. Rac1 Ne5 15. f4 N5c6 16. Nd5 exd5 17.
cxd5 Nc8 18. Bf3 Rfe8 19. e5 N8a7 20. Qf2 Nc8 21. Nd2 b5 22. Ne4 Qa5 23. dxc6 Bxc6 24. Nc5 Qxa2 25. Ra1 Qc4 26. Nxa6 Bxf3 27. Qxf3 Qc6 28.
Qxc6 dxc6 29. Nc7 f6 30. Nxe8 Rxe8 31. Bd4 fxe5 32. Bxe5 Bxe5 33. fxe5 Nb6 34. Ra6 Nc4 35. Rxc6 Rxe5 36. Rd7 Re8 37. Rcc7 Ne5 38. Rg7+ Kf8 39. Rxh7 Re6 40. Rh8# 1-0

[Event "Early-Titled-Tuesday-Blitz-October-10-2023"]
[Site "Chess.com"]
[Date "2023.10.10"]
[Round "7"]
[White "koncheto"]
[Black "N4700000"]
[Result "0-1"]
[WhiteElo "2511"]
[BlackElo "2427"]
[TimeControl "180+1"]
[EndTime "9:15:39 PDT"]
[Termination "N4700000 won by resignation"]

1. e4 c6 2. d4 d5 3. Nc3 dxe4 4. Nxe4 Nf6 5. Nxf6+ exf6 6. c3 Bd6 7. Bd3 Na6 8. Ne2 Nc7 9. O-O O-O 10. Ng3 g6 11.
Ne4 Be7 12. Re1 Ne6 13. b3 f5 14. Ng3 Bd6 15. Bb2 Qh4 16. Qf3 Ng5 17. Qe2 f4 18. Ne4 f3 19. Nxd6 fxe2 20. Rxe2 Bg4 21. f3 Nxf3+ 22.
gxf3 Bxf3 23. Rf2 Qg5+ 24. Kf1 Qe3 25. Bc2 Rad8 26. Nc4 Qf4 27. Bc1 Qg4 28. Ne5 Qh3+ 29. Kg1 Bd5 30. Bd2 f6 31. Nd3 Rde8 32. Nf4 Qg4+ 33.
Kf1 Be4 34. Bd1 Qf5 35. Be2 g5 36. Nh5 Qh3+ 37. Kg1 Bd5 38. Bf1 Qxh5 39. h3 Qh4 40. Bg2 Bxg2 41. Kxg2 Re4 42. Raf1 f5 43. c4 f4 44. Bc3 Qg3+ 45. Kh1 Qxc3 0-1

[Event "Early-Titled-Tuesday-Blitz-October-10-2023"]
[Site "Chess.com"]
[Date "2023.10.10"]
[Round "7"]
[White "Riku-gan"]
[Black "Zavgorodniy_Sergiy"]
[Result "1-0"]
[WhiteElo "2845"]
[BlackElo "2641"]
[TimeControl "180+1"]
[EndTime "9:15:40 PDT"]
[Termination "Riku-gan won on time"]

1. Nc3 e5 2. Nf3 d6 3. d4 Nd7 4.
e4 exd4 5. Qxd4 Ngf6 6. Bc4 Be7 7. Bg5 O-O 8. O-O-O c6 9. h3 b5 10. Be2 c5 11. Qe3 b4 12. Nd5 Nxd5 13. Rxd5 Bxg5 14.
Nxg5 Nb6 15. Rdd1 Qe7 16. Qf4 d5 17. Rhe1 d4 18. e5 Be6 19. Kb1 Nd5 20. Qg3 Nc3+ 21. bxc3 bxc3 22. Ka1 Rab8 23. Rb1 Bxa2 24. Qd3 Rxb1+ 25.
Rxb1 Qxg5 26. Kxa2 Qxg2 27. f4 g6 28. f5 Qd5+ 29. Qc4 Qxe5 30. Bd3 Kg7 31. fxg6 hxg6 32. Rb7 Qd6 33. Qa6 Qf6 34. Qxf6+ Kxf6 35. Kb3 Rh8 36.
Rxa7 Rxh3 37. Kc4 g5 38. Kxc5 g4 39. Kxd4 g3 40. Ra1 Kg5 41. Ke3 f5 42. Kf3 Kh4 43.
Ra4+ 1-0

[Event "Early-Titled-Tuesday-Blitz-October-10-2023"]
[Site "Chess.com"]
[Date "2023.10.10"]
[Round "7"]
[White "dosto07"]
[Black "wqws"]
[Result "0-1"]
[WhiteElo "2518"]
[BlackElo "2668"]
[TimeControl "180+1"]
[EndTime "9:15:40 PDT"]
[Termination "wqws won on time"]

1. e4 c5 2. Nf3 d6 3. Bb5+ Nd7 4. d4 cxd4 5. Qxd4 a6 6. Bxd7+ Bxd7 7. Nc3 e5 8. Qd3 h6 9. Nd2 b5 10. a4 b4 11. Nd5 a5 12. Nc4 Nf6 13. Be3 Rc8 14. Bb6 Nxd5 15. Bxd8 Nf4 16. Nxd6+ Kxd8 17. Nxf7+ Ke8 18.
Nxh8 Nxd3+ 19. cxd3 Rc2 20. O-O Bc5 21. Ng6 Bd4 22.
Rac1 Rxb2 23. Kh1 Bxa4 24. f4 Rc2 25. fxe5 Rxc1 26. Rxc1 Bc3 27. Rf1 Bb3 28. Rf8+ Kd7 29. Ra8 a4 30. Ra7+ Kc6 31. Ne7+ Kc5 32. Rc7+ Kd4 33. Nc6+ Kxd3 34. Rb7 a3 35. Nxb4+ Bxb4 36. Rxb4 Kc3 37. Rb6 a2 38. Ra6 Kb4 0-1

[Event "Early-Titled-Tuesday-Blitz-October-10-2023"]
[Site "Chess.com"]
[Date "2023.10.10"]
[Round "7"]
[White "InitiatingASC"]
[Black "themind1hunter"]
[Result "1/2-1/2"]
[WhiteElo "2348"]
[BlackElo "2511"]
[TimeControl "180+1"]
[EndTime "9:15:41 PDT"]
[Termination "Game drawn by repetition"]

1. d4 d5 2. c4 c6 3. cxd5 cxd5 4. Nc3 Nc6 5. Bf4 e6 6. Nf3 Bd6 7. Bg3 Nge7 8. e3 O-O 9. Bd3 b6 10. Rc1 Bb7 11. O-O Rc8 12. Bb1 a6 13. Ne5 Ng6 14. Nxc6 Bxc6 15. Qd3 Bb7 16. Na4 Bxg3 17. hxg3 Rc4 18.
Qb3 b5 19. Nc5 Bc8 20. Bd3 h5 21. Bxc4 dxc4 22. Qd1 h4 23. g4 Qe7 24. Qf3 f5 25. gxf5 Rxf5 26. Qc6 Rf8 27. b3 h3 28. g3 Kh7 29.
bxc4 e5 30. cxb5 Bg4 31. bxa6 Bf3 32. Qe6 h2+ 33. Kxh2 Qxe6 34. Nxe6 Rf5 35. g4 Bxg4 36. Kg3 Bf3 37. d5 e4 38. Nd4 Rg5+ 39. Kh2 Rh5+ 40.
Kg3 Rg5+ 41. Kh3 Rh5+ 42. Kg3 Rg5+ 1/2-1/2

[Event "Early-Titled-Tuesday-Blitz-October-10-2023"]
[Site "Chess.com"]
[Date "2023.10.10"]
[Round "7"]
[White "Arash_Tahbaz"]
[Black "combidharma"]
[Result "0-1"]
[WhiteElo "2907"]
[BlackElo "2672"]
[TimeControl "180+1"]
[EndTime "9:15:42 PDT"]
[Termination "combidharma won on time"]

1. Nf3 Nf6 2. g3 d5 3. Bg2 c6 4. O-O Bf5 5. d3 Nbd7 6. c4 dxc4 7.
dxc4 e5 8. Nc3 Be7 9. b3 O-O 10. Nh4 Be6 11. Qc2 g6 12. Bb2 Qc7 13. Rad1 Rad8 14.
h3 Nc5 15. Nf3 e4 16. Ng5 e3 17. f4 Nh5 18. Nge4 Nxe4 19. Nxe4 f5 20. Qc3 fxe4 21. Qh8+ Kf7 22. Qxh7+ Ke8 23. Bxe4 Bf7 24. Bxg6 Rxd1 25. Rxd1 Nxf4 26. gxf4 Qxf4 27. Bxf7+ Rxf7 28. Qh8+ Rf8 29. Qh5+ Rf7 30. Be5 Qf2+ 31. Kh1 Qf5 32. Qxf5 Rxf5 33. Bg3 Rg5 0-1

[Event "Early-Titled-Tuesday-Blitz-October-10-2023"]
[Site "Chess.com"]
[Date "2023.10.10"]
[Round "7"]
[White "carokannlover213"]
[Black "TatjanaVasilevich"]
[Result "0-1"]
[WhiteElo "2720"]
[BlackElo "2608"]
[TimeControl "180+1"]
[EndTime "9:15:42 PDT"]
[Termination "TatjanaVasilevich won by checkmate"]

1. e4 c5 2. Nf3 Nc6 3. Bb5 g6 4. O-O Bg7 5. Re1 e5 6. c3 a6 7. Ba4 b5 8. Bb3 d6 9. a4 Rb8 10. axb5 axb5 11. d3 h6 12. c4 b4 13.
Nbd2 Nge7 14. Nf1 O-O 15. Ne3 f5 16. Nd5 f4 17. Ba4 Bg4 18. Bxc6 Nxc6 19. h3 Bh5 20. Ra6 Nd4 21. Ra7 Rf7 22. Rxf7 Kxf7 23. Rf1 Qd7 24. Kh2 Kf8 25. b3 g5 26. Bb2 Nxf3+ 27. gxf3 Qb7 28.
Kg2 Ra8 29. Qc2 Be8 30. Rh1 h5 31. Qe2 Bd7 32. h4 g4 33. fxg4 hxg4 34. f3 g3 35. h5 Bh6 36. Nf6 Be6 37. Ng4 Bxg4 38. fxg4 Ra2 39.
Kf3 Ra6 40. g5 Bxg5 41. h6 Qh7 42. Kg2 Ra2 43. Rh5 Bxh6 44. Kh3 Qd7+ 45. Rf5+ Kg8 46. Qg4+ Kh7 47. Qh5 Rxb2 48. Kg4 Rh2 49. Qf7+ Qxf7 50. Rxf7+ Kg6 51. Rd7 g2 52. Rxd6+ Kf7 53. Kf3 g1=Q 54.
Rf6+ Kxf6 55. d4 Qg3# 0-1

[Event "Early-Titled-Tuesday-Blitz-October-10-2023"]
[Site "Chess.com"]
[Date "2023.10.10"]
[Round "7"]
[White "crazy_m_attack"]
[Black "cande_francisco"]
[Result "0-1"]
[WhiteElo "2426"]
[BlackElo "2540"]
[TimeControl "180+1"]
[EndTime "9:15:43 PDT"]
[Termination "cande_francisco won on time"]

1. e4 c5 2. Nf3 g6 3. d4 cxd4 4. Nxd4 Bg7 5. Nc3 Nc6 6. Be3 Nf6 7. Be2 O-O 8. Nb3 d6 9. O-O a6 10. a4 Be6 11. f4 Rc8 12. Qd2 Bxb3 13. cxb3 Na5 14.
Ra3 Rxc3 15. Qxc3 Nxe4 16. Qc2 d5 17. Rd1 Nc6 18. Bf3 Qa5 19. Bxe4 dxe4 20. Qxe4 Bxb2 21. Ra2 Bf6 22. Rad2 Kg7 23. Rd7 Rb8 24. Qc4 Qf5 25. b4 Qg4 26. Qb3 b5 27. a5 Rc8 28. h3 Qe2 29.
Bc5 Qe4 30. Qf3 Qc4 31. Kh1 Nxb4 32. Bxb4 Qxb4 33. Qb7 Rc2 34. Qxa6 Qe4 35. Qb7 Qxf4 36. Qf3 Qa4 0-1

[Event "Early-Titled-Tuesday-Blitz-October-10-2023"]
[Site "Chess.com"]
[Date "2023.10.10"]
[Round "7"]
[White "guillembaches"]
[Black "RianKapriaga"]
[Result "1-0"]
[WhiteElo "2493"]
[BlackElo "2306"]
[TimeControl "180+1"]
[EndTime "9:15:43 PDT"]
[Termination "guillembaches won on time"]

1. d4 Nf6 2. Nf3 d5 3. Bg5 Nbd7 4. Nbd2 g6 5. e3 Bg7 6. Be2 O-O 7. O-O c6 8. c3 Qb6 9. b4 Re8 10. h3 e5 11. a4 exd4 12. Nxd4 Ne5 13. Qb3 Ne4 14. Nxe4 dxe4 15. a5 Qc7 16. Rfd1 Bd7 17. Bf4 a6 18. Rd2 Rad8 19. Rad1 Qc8 20. Bg5 Bxh3 21. Bxd8 Rxd8 22.
Nxc6 Nxc6 23. Rxd8+ Nxd8 24. gxh3 Nc6 25. Bg4 Qe8 26.
Bd7 Qe7 27. Bxc6 bxc6 28. Qc4 Qg5+ 29. Kf1 Qf5 30. Qxc6 h5 31. Rd8+ Kh7 32. Qc8 Qf3 33. Ke1 h4 34. Qc4 Qxh3 35. Qxe4 Qh2 36. Ke2 Qg1 37.
Qxh4+ Bh6 38. Qf6 Qg4+ 39. Kd2 Bg7 40. Qxf7 Qc4 41. Qxc4 1-0

[Event "Early-Titled-Tuesday-Blitz-October-10-2023"]
[Site "Chess.com"]
[Date "2023.10.10"]
[Round "7"]
[White "rasmussvane"]
[Black "Rutricks"]
[Result "1-0"]
[WhiteElo "2997"]
[BlackElo "2677"]
[TimeControl "180+1"]
[EndTime "9:15:44 PDT"]
[Termination "rasmussvane won by checkmate"]

1. Nf3 g6 2. e4 Bg7 3. d4 c6 4.
Bd3 d5 5. exd5 cxd5 6. c3 Nc6 7. h3 Nf6 8. O-O Qd7 9. Bf4 O-O 10. Re1 Ne8 11.
Nbd2 Nd6 12. Ne5 Qc7 13. Qb3 Be6 14. Ndf3 Na5 15. Qc2 Bf5 16. g4 Bxd3 17. Nxd3 Qd8 18. Kg2 Rc8 19. Re2 Ne4 20. Rae1 Re8 21. Qa4 Rc4 22.
Qd1 f6 23. Nd2 Nxd2 24. Qxd2 Rc8 25. Re6 b6 26. Qe2 Bf8 27. h4 Qd7 28. g5 Kf7 29. Bg3 Rc6 30. Nf4 Rxe6 31. Nxe6 Nc4 32. h5 Nd6 33. hxg6+ hxg6 34. Rh1 Nf5 35. Nf4 e5 36. dxe5 fxe5 37. Rh7+ Bg7 38. Nxg6 Kg8 39. Qh5 Qf7 40. Rh8+ Bxh8 41. Qxh8# 1-0

[Event "Early-Titled-Tuesday-Blitz-October-10-2023"]
[Site "Chess.com"]
[Date "2023.10.10"]
[Round "7"]
[White "ChessTankMan"]
[Black "valeriocarnicelli"]
[Result "1-0"]
[WhiteElo "2533"]
[BlackElo "2614"]
[TimeControl "180+1"]
[EndTime "9:15:45 PDT"]
[Termination "ChessTankMan won by resignation"]

1. e4 e5 2. Nf3 Nc6 3. Bb5 a6 4. Ba4 Nf6 5. O-O Be7 6. Re1 b5 7. Bb3 O-O 8. h3 d6 9. c3 Na5 10. Bc2 c5 11. d4 Nc6 12. d5 Nb8 13. a4 Bb7 14. Qe2 c4 15. Nbd2 Nbd7 16. Nf1 Nc5 17. a5 Re8 18. Ng3 g6 19. Be3 Rc8 20. Nh2 Bf8 21. Ng4 Bg7 22. Nh6+ Kf8 23. Ng4 Kg8 24. Nh6+ Kf8 25. Ng4 Nxg4 26. Qxg4 Rc7 27. f4 exf4 28.
Bxf4 Bc8 29. Qf3 Kg8 30. Ne2 Qf6 31. Nd4 Nd7 32. Qg3 Ne5 33. Bg5 Qxg5 34. Qxg5 Rce7 35. Nc6 Rc7 36. Rad1 Bd7 37. Rf1 Bc8 38. Qe3 Rb7 39.
Nxe5 Bxe5 40. Rde1 Kg7 41. Bd1 f6 42. Bg4 b4 43. Bxc8 Rxc8 44. cxb4 Bxb2 45. Rb1 Be5 46. Kh1 c3 47. b5 c2 48. Rbc1 axb5 49. a6 Rbc7 50. Qb6 Bb2 51. a7 Ba3 52. a8=Q 1-0

[Event "Early-Titled-Tuesday-Blitz-October-10-2023"]
[Site "Chess.com"]
[Date "2023.10.10"]
[Round "7"]
[White "shimastream"]
[Black "dropstoneDP"]
[Result "0-1"]
[WhiteElo "2985"]
[BlackElo "3075"]
[TimeControl "180+1"]
[EndTime "9:15:46 PDT"]
[Termination "dropstoneDP won by resignation"]

1. e4 e5 2. c3 Nf6 3. d3 d5 4. Qc2 a5 5. Nf3 Nc6 6. Be2 Bc5 7. Bg5 dxe4 8. dxe4 h6 9. Bh4 Qe7 10. Nbd2 g5 11.
Bg3 Nh5 12. O-O-O Nf4 13. Bb5 h5 14. Kb1 Bd7 15. Nc4 f6 16. Bxf4 exf4 17. Rhe1 O-O-O 18. Qa4 Bxf2 19. Nxa5 Nxa5 20. Qxa5 Kb8 21. Bxd7 Bxe1 22. Qf5 Bf2 23. e5 g4 24. exf6 Qe2 25. Rd2 Qf1+ 26. Kc2 gxf3 27. gxf3 Be3 28. Rd5 Qxf3 29. f7 Rhf8 30. Be6 Rxd5 31. Bxd5 Qg4 32. Qe4 Qe2+ 33. Kb3 Qb5+ 34. Kc2 Qd7 35. Qb4 c5 36. Qe4 Rxf7 37.
Qe5+ Ka7 38. Qxh5 Qf5+ 0-1

[Event "Early-Titled-Tuesday-Blitz-October-10-2023"]
[Site "Chess.com"]
[Date "2023.10.10"]
[Round "7"]
[White "secretsuperstar7"]
[Black "vladgoncharov"]
[Result "1-0"]
[WhiteElo "2437"]
[BlackElo "2516"]
[TimeControl "180+1"]
[EndTime "9:15:47 PDT"]
[Termination "secretsuperstar7 won on time"]

1. c4 Nf6 2. Nc3 c5 3. g3 Nc6 4. Bg2 g6 5. e4 d6 6. Nge2 Bg7 7. O-O O-O 8. d3 Ne8 9. a3 Nc7 10. Rb1 Rb8 11. b4 cxb4 12. axb4 b5 13.
Nd5 bxc4 14. dxc4 Nxd5 15. exd5 Nxb4 16. Be3 a5 17. Bd4 Bf5 18. Rb2 Bxd4 19. Nxd4 Bd7 20. Qa1 Qc7 21. Rc1 Nd3 22. Rxb8 Rxb8 23. Rc3 Nc5 24.
Ra3 a4 25. Nc6 Bxc6 26. dxc6 e6 27. h4 h5 28. Qf6 Qd8 29. Qd4 Kf8 30. g4 hxg4 31.
Qxg4 Qf6 32. Qg3 Ke7 33. Rf3 Qe5 34. Qg4 Rb3 35. c7 Kd7 36. Rxf7+ Kc8 37. Qxg6 Nd7 38.
Rxd7 Kxd7 39. Qf7+ Kc8 40. Bc6 Rb1+ 41. Kg2 1-0

[Event "Early-Titled-Tuesday-Blitz-October-10-2023"]
[Site "Chess.com"]
[Date "2023.10.10"]
[Round "7"]
[White "JoliyRoger"]
[Black "Kirill_Klukin"]
[Result "1-0"]
[WhiteElo "2482"]
[BlackElo "2650"]
[TimeControl "180+1"]
[EndTime "9:15:48 PDT"]
[Termination "JoliyRoger won on time"]

1. Nf3 Nf6 2. d4 e6 3. c4 Nc6 4. a3 d6 5. Nc3 g6 6. e4 Bg7 7. h3 O-O 8. Bg5 h6 9. Be3 Re8 10. Qd2 e5 11. d5 Nd4 12. Qd1 c5 13. Be2 Nh5 14. b4 b6 15. Rb1 f5 16. Nh2 Nf6 17.
Bd3 Rf8 18. Qc1 Kh7 19. Nf1 fxe4 20. Nxe4 Bf5 21. Nfg3 Nxe4 22. Nxe4 Qh4 23. g3 Qxe4 24. Bxe4 Bxe4 25. Bxd4 exd4 26. O-O Bxb1 27. Qxb1 Rae8 28. bxc5 dxc5 29. a4 Re7 30. h4 h5 31. Qd3 Rfe8 32. a5 bxa5 33. Kg2 Rb7 34. Ra1 Rb2 35. Rb1 Rxb1 36.
Qxb1 a4 37. Qb5 Rd8 38. Qxa4 Kh6 39. Qxa7 Re8 40. Qxc5 1-0

[Event "Early-Titled-Tuesday-Blitz-October-10-2023"]
[Site "Chess.com"]
[Date "2023.10.10"]
[Round "7"]
[White "angryspacevoid"]
[Black "Jojo_898"]
[Result "1-0"]
[WhiteElo "2524"]
[BlackElo "2397"]
[TimeControl "180+1"]
[EndTime "9:15:48 PDT"]
[Termination "angryspacevoid won on time"]

1. f4 b6 2. e4 Bb7 3. Nc3 c5 4. Nf3 e6 5. d4 cxd4 6. Qxd4 Nf6 7. e5 Bc5 8. Qd2 Ng4 9. h3 Nf2 10. Rh2 Ne4 11. Nxe4 Bxe4 12. Be2 Nc6 13. b3 Rc8 14. Bb2 Nb4 15. Bd1 Bxc2 16. a3 Bxd1 17. axb4 Bxf3 18.
bxc5 Bd5 19. cxb6 Qxb6 20. Bd4 Qxb3 21. Rc1 O-O 22. Kf2 Rxc1 23. Qxc1 Rb8 24. Be3 Qa2+ 25. Bd2 h5 26. g4 h4 27. Qc3 Rb2 28. Ke1 Rb1+ 29. Kf2 Qa6 30. Be1 g6 31. Kg1 Qb6+ 32. Kf1 Qb5+ 33. Kg1 Qb6+ 34. Kf1 a5 35. Rc2 a4 36.
Rc1 Rb3 37. Qc8+ Kh7 38. Bf2 Qb5+ 39. Kg1 a3 40. Qf8 1-0

[Event "Early-Titled-Tuesday-Blitz-October-10-2023"]
[Site "Chess.com"]
[Date "2023.10.10"]
[Round "7"]
[White "RodTwinkz"]
[Black "mapleaff"]
[Result "1-0"]
[WhiteElo "2791"]
[BlackElo "2369"]
[TimeControl "180+1"]
[EndTime "9:15:48 PDT"]
[Termination "RodTwinkz won on time"]

1. e4 c5 2. Nc3 Nf6 3. e5 Ng8 4. f4 d5 5. Nf3 Nc6 6. d3 Bg4 7. Be2 Bxf3 8. Bxf3 e6 9. O-O Nge7 10.
Ne2 h5 11. c4 g6 12. Nc3 Nd4 13. cxd5 Nxf3+ 14. Qxf3 Nxd5 15. Nxd5 Qxd5 16. Qxd5 exd5 17.
f5 Be7 18. Bd2 Rh7 19. Rae1 gxf5 20. Rxf5 Kd7 21. Rxf7 Rxf7 22. e6+ Ke8 23. exf7+ Kxf7 24. Re5 Bf6 25. Rxd5 Bxb2 26. Rxh5 Rd8 27. Be3 b6 28.
Rh7+ Kg6 29. Rxa7 Rxd3 30. Kf2 c4 31. Ra6 Rd6 32. Rxb6 Rxb6 33. Bxb6 c3 34. Bd4 Kf5 35. Ke2 Ke4 36. Bg7 Ba1 37. Bxc3 Bxc3 38. a4 Ba5 39. Kf2 Kf4 40. g3+ Kg4 41. Kg2 Be1 42. h3+ Kg5 43. Kf3 Kf5 44. h4 Kg6 45. Kg4 Kh6 46. h5 1-0

[Event "Early-Titled-Tuesday-Blitz-October-10-2023"]
[Site "Chess.com"]
[Date "2023.10.10"]
[Round "7"]
[White "Witty_Alien"]
[Black "Kielinkei"]
[Result "0-1"]
[WhiteElo "2231"]
[BlackElo "2450"]
[TimeControl "180+1"]
[EndTime "9:15:48 PDT"]
[Termination "Kielinkei won on time"]

1. e4 d6 2. d4 Nf6 3. Nc3 Nbd7 4.
Bg5 h6 5. Be3 e5 6. h3 Be7 7. Nf3 O-O 8. Qd2 exd4 9. Nxd4 Nc5 10. f3 d5 11. e5 Nh5 12. O-O-O Ng3 13. Rg1 c6 14. Kb1 Nf5 15. Nxf5 Bxf5 16. g4 Bh7 17. f4 Ne4 18. Nxe4 Bxe4 19. f5 Bg5 20. f6 gxf6 21. h4 Bxe3 22. Qxe3 fxe5 23. Qxh6 c5 24.
h5 Qb6 25. Qg5+ Kh8 26. Qxe5+ f6 27. Qf4 Rae8 28. Qh6+ Kg8 29. g5 f5 30. g6 Re7 31.
Qg5 Qf6 32. Qg3 f4 33. Qf2 Re6 34. Qxc5 Rb6 35. b3 Rc6 36. Qd4 Bxc2+ 37. Kb2 Bxd1 38. Qxf6 Rcxf6 39. Bg2 Bxh5 40. Bxd5+ Kg7 41. Rh1 Bxg6 0-1

[Event "Early-Titled-Tuesday-Blitz-October-10-2023"]
[Site "Chess.com"]
[Date "2023.10.10"]
[Round "7"]
[White "maracayo"]
[Black "akanga001"]
[Result "1-0"]
[WhiteElo "2375"]
[BlackElo "2030"]
[TimeControl "180+1"]
[EndTime "9:15:49 PDT"]
[Termination "maracayo won by resignation"]

1. e4 e6 2. d4 d5 3. Nc3 Bb4 4. Ne2 c5 5. a3 Bxc3+ 6. Nxc3 Nf6 7. dxc5 dxe4 8. Qxd8+ Kxd8 9. Bg5 Nd7 10. Nxe4 h6 11. Bxf6+ Nxf6 12. Nxf6 gxf6 13. O-O-O+ Ke7 14. Bb5 a6 15. Ba4 Rg8 16. g3 Rg4 17. f4 h5 18. Rd3 h4 19.
Rhd1 hxg3 20. hxg3 Rg8 21. b4 e5 22. Re3 Bg4 23.
Rd6 Be6 24. fxe5 fxe5 25. Bb3 Rg6 26. Rxe5 Rxg3 27. Bxe6 fxe6 28. Rdxe6+ Kf7 29. Re7+ Kf6 30. R5e6+ Kf5 31. Kb2 Rd8 32. Rd6 Rb8 33. Rb6 a5 34.
c6 Rgg8 35. cxb7 axb4 36. Rxb4 Kf6 37. Re3 Rg7 38. Reb3 Ke6 39. a4 Kd6 40. a5 Kc6 41. a6 Re7 42. a7 Rbxb7 43. a8=Q 1-0